 Dungeon Crawl Stone Soup version 0.21-a0-264-g3e31e41 (webtiles) character file.

25 sagitran the Gusty (level 3, 0/19 HPs)
             Began as a Tengu Air Elementalist on Sept 8, 2017.
             Killed by nerve-wracking pain
             ... invoked by Jessica
              (11 damage)
             ... on level 3 of the Dungeon.
             The game lasted 00:07:20 (771 turns).

sagitran the Gusty (Tengu Air Elementalist)          Turns: 771, Time: 00:07:20

Health: 0/19       AC:  0    Str:  8    XL:     3   Next: 6%
Magic:  8/8        EV: 24    Int: 15    God:
Gold:   47         SH:  0    Dex: 20    Spells: 6/7 levels left

rFire    . . .     SeeInvis .   (weapon currently unavailable)
rCold    . . .     Gourm    .   (shield currently unavailable)
rNeg     . . .     Faith    .   (armour currently unavailable)
rPois    .         Spirit   .   (helmet currently unavailable)
rElec    .         Reflect  .   (cloak currently unavailable)
rCorr    .         Harm     .   (gloves currently unavailable)
MR       .....                  (boots unavailable)
Stlth    ++........             (no amulet)
HPRegen  0.06/turn              (ring currently unavailable)
MPRegen  0.11/turn              (ring currently unavailable)

@: bat-form, flying quickly and evasively, slowed, quick
A: no striking features
a: no special abilities


You were on level 3 of the Dungeon.
You were not hungry.
You were in bat-form.
You visited 1 branch of the dungeon, and saw 3 of its levels.

You collected 47 gold pieces.

Inventory:

Hand Weapons
 k - a +0 short sword (melded)
Armour
 a - a +0 robe (melded)
 e - a +0 cloak (melded)
Scrolls
 g - a scroll of enchant armour {unknown}
 i - 2 scrolls of remove curse
Potions
 j - a potion of curing
Books
 b - a book of Air

   Spells                             Type                      Level
   a - Shock                          Conjuration/Air              1
   b - Swiftness                      Charms/Air                   2
   c - Static Discharge               Conjuration/Air              3
   d - Airstrike                      Air                          4
   e - Lightning Bolt                 Conjuration/Air              5
Comestibles
 c - a bread ration
 d - a chunk of flesh
 h - a royal jelly


   Skills:
 + Level 2.3 Dodging
 + Level 2.3 Stealth
 + Level 2.7 Spellcasting
 + Level 1.8 Conjurations
 + Level 4.1 Air Magic


You had 6 spell levels left.
You knew the following spells:

 Your Spells              Type           Power        Failure   Level  Hunger
a - Shock                 Conj/Air       ##..         6%          1    #......


Dungeon Overview and Level Annotations

Branches:
Dungeon (3/15)

Altars:

Annotations:
D:3 Jessica


Innate Abilities, Weirdness & Mutations

((You have a beak for a mouth.))
((You have claws for feet.))


Message History

Your +0 short sword melds into your body.
Your +0 cloak melds into your body.
Your +0 robe melds into your body.
Jessica casts a spell.
Jessica blinks!
Your magical contamination has completely faded away.
Some of the chunks of flesh in your inventory have rotted away.
Jessica closely misses you.
You hit Jessica but do no damage. Jessica completely misses you.
Jessica shouts, "You're disturbing me!
I'll have to kill you!" Jessica hits you but does no damage.
You hit Jessica.
Jessica is lightly wounded.
Jessica points at you and mumbles some strange words.
Pain shoots through your body! Jessica closely misses you.
Jessica zaps a wand.
Jessica zaps a wand. x2
Jessica casts a spell at you. Pain shoots through your body!
Ouch! That really hurt!
You die...

####################
.)..........@...b..#
##################.#
#........# #.#
#.######.# #)#
#.##.....# #.#
#.###.#######.#
#.............#
#####.#########
#.#<...#


You could see Jessica.

Vanquished Creatures
  A worm (D:2)
  A leopard gecko (D:1)
  An orc (D:3)
  2 bats
  2 giant cockroaches
  2 goblins (D:1)
  4 hobgoblins
  A kobold (D:2)
  3 frilled lizards
  A rat (D:3)
18 creatures vanquished.

Notes
Turn   | Place    | Note
-------+----------+-------------------------------------------
     0 | D:1      | sagitran the Tengu Air Elementalist began the quest for the Orb.
     0 | D:1      | Reached XP level 1. HP: 10/10 MP: 4/4
   264 | D:1      | Reached XP level 2. HP: 15/15 MP: 4/6
   681 | D:3      | Reached XP level 3. HP: 14/19 MP: 8/8
   746 | D:3      | Noticed Jessica
   771 | D:3      | Killed from afar by Jessica

Vault maps used:
D:1:      dpeg_arrival_ternary
D:3:      lemuel_crystal_altar, first_bread, uniq_robin, uniq_jessica

Action                   || total
-------------------------++-------
Melee: Short sword       ||    29
       Kick              ||     3
       Peck              ||     3
       Unarmed           ||     2
 Cast: Shock             ||    23
  Use: Scroll            ||     2
Armor: Robe              ||     7
Dodge: Dodged            ||    30

Table legend:
 A = Spawn XP
 B = Non-spawn XP
 C = Spawn XP percentage of total XP
 D = Spawn monster count
 E = Non-spawn monster count
 F = Spawn count percentage of total count
 G = Total turns spent on level
                    A         B        C        D         E        F      G
               +---------+---------+-------+---------+---------+-------+---------
         Total |       0 |      37 |   0.0 |       0 |      18 |   0.0 |   771
               +---------+---------+-------+---------+---------+-------+---------
           D:1 |       0 |      15 |   0.0 |       0 |       8 |   0.0 |   412
           D:2 |       0 |      14 |   0.0 |       0 |       6 |   0.0 |    89
           D:3 |       0 |       8 |   0.0 |       0 |       4 |   0.0 |   270
               +---------+---------+-------+---------+---------+-------+---------
